 Dungeon Crawl Stone Soup version 0.27-a0-906-g0a00ce863d (webtiles) character file.

Game seed: 16456144628896816676

375 kae the Insei (level 6, -1/46 HPs)
             Began as a Djinni Transmuter on Apr 6, 2021.
             Slain by a goblin
             ... wielding a +0 club
              (2 damage)
             ... on level 4 of the Dungeon.
             The game lasted 00:03:17 (4113 turns).

kae the Insei (Djinni Transmuter)                   Turns: 4113, Time: 00:03:18

Health: -1/46      AC:  2    Str:  8 (11) XL:     6   Next: 73%
Gold:   157        EV: 19    Int: 12 (14) God:
                   SH:  0    Dex: 16 (19)

rFire    . . .     SeeInvis .     - Unarmed
rCold    . . .     Faith    .   (shield currently unavailable)
rNeg     . . .     Spirit   .   (armour currently unavailable)
rPois    ∞         Reflect  .   (helmet currently unavailable)
rElec    .         Harm     .   (cloak currently unavailable)
rCorr    .         Rampage  .   (gloves currently unavailable)
Will     .....                  (boots unavailable)
Stlth    +.........             (no amulet)
HPRegen  0.15/turn              (no ring)
MPRegen  0.00/turn              (no ring)

@: spider-form, wereblooded, flying
A: venomous fangs, flying, tiny, (fire resistance 2), (cold vulnerability 1),
float, innate caster, hp casting, extra vitality 1
a: End Transformation


You were on level 4 of the Dungeon.
You were a venomous arachnid creature.
You visited 1 branch of the dungeon, and saw 4 of its levels.

You collected 157 gold pieces.

Inventory:

Armour
 a - a +1 robe (melded)
Scrolls
 b - a scroll of identify
 e - a scroll of enchant weapon
Potions
 c - a potion of brilliance
 d - a potion of lignification


   Skills:
 + Level 3.3 Fighting
 - Level 2.1 Dodging
 * Level 5.5 Unarmed Combat
 + Level 3.2 Spellcasting


You couldn't memorise any spells.
You knew the following spells:

 Your Spells              Type           Power      Damage    Failure   Level
a - Beastly Appendage     Tmut           18%        N/A       17%         1
b - Wereblood             Tmut           9%         N/A       24%         2
c - Spider Form           Tmut/Pois      4%         N/A       38%         3
d - Ice Form              Ice/Tmut       9%         N/A       75%         4
e - Hydra Form            Tmut           4%         N/A       96%         5
f - Pain                  Necr           36%        1d5       17%         1
g - Call Imp              Summ           9%         N/A       24%         2
Your spell library was empty.

Dungeon Overview and Level Annotations

Branches:
Dungeon (4/15)
 Temple: D:4-7

Altars:

Shops:
D:1 :


Innate Abilities, Weirdness & Mutations

You are a venomous arachnid creature.
You have poisonous fangs.
You are tiny and dextrous.
You are flying.
Your spellcasting is less reliable in this form.
Your armour is entirely melded.
You are incapable of wielding weapons or throwing items.
You are immune to poison.
((Your flesh is very heat resistant. (rF++)))
((You are vulnerable to cold. (rC-)))
You float through the air rather than walking.
You learn spells naturally, not from books.
Your magical power is your life essence.
You have superior vitality. (+4 HP)


Message History

Found a ruby potion.
A goblin comes into view. It is wielding a +0 club.
The goblin is pulled toward you! The goblin is pulled toward you!
The goblin barely misses you.
You see here a ruby potion.
Casting: Spider Form (dangerous; 19% risk of failure)
Confirm with . or Enter, or press ? or * to list all spells.
You grow a pair of large bovine horns.
The goblin hits you with a +0 club.
* * * LOW HITPOINT WARNING * * *
A kobold comes into view. It is wielding a +0 dagger.
The goblin hits you but does no damage. The kobold is pulled toward you!
The kobold shouts!
You hit the goblin.
The goblin is severely wounded.
The kobold is pulled toward you!
You miss the goblin.
The goblin is severely wounded.
The goblin hits you with a +0 club.
* * * LOW HITPOINT WARNING * * *
The kobold barely misses you.
You feel less attractive to monsters.
Casting: Beastly Appendage (safe; 6% risk of failure)
Confirm with . or Enter, or press ? or * to list all spells.
Your blood is infused with primal strength.
* * * LOW HITPOINT WARNING * * *
The goblin hits you with a +0 club.
* * * LOW HITPOINT WARNING * * *
The kobold hits you but does no damage. The goblin hits you with a +0 club.
* * * LOW HITPOINT WARNING * * *
The kobold hits you but does no damage.
Casting: Wereblood (safe; 10% risk of failure)
Confirm with . or Enter, or press ? or * to list all spells.
Your horns disappear.
You turn into a venomous arachnid creature.
Your +1 robe melds into your body.
* * * LOW HITPOINT WARNING * * *
The goblin misses you. The kobold hits you but does no damage.
The goblin hits you with a +0 club.
You die...

#....#......# #
#....##...#.#.#.
..... #...#.#...
.....###.........
.... #...........
#...........
#...........
###...g.#.#.#.
#.....s.....#
#......K......
...............
...............
.......###.....
....... .....
....... .....
##..... ....


You could see a goblin and a kobold.

Vanquished Creatures
  Grinder (D:3)
  A howler monkey (D:4)
  A hound (D:4)
  An orc wizard (D:4)
  3 adders
  An adder skeleton (D:4)
  A worm (D:3)
  A dart slug (D:3)
  4 orcs (D:4)
  5 ball pythons
  4 endoplasms
  3 giant cockroaches
  8 goblins
  3 hobgoblins
  7 jackals (D:1)
  4 bats (D:3)
  A frilled lizard (D:2)
  5 kobolds
  A rat (D:1)
55 creatures vanquished.

Vanquished Creatures (collateral kills)
  A goblin (D:3)
1 creature vanquished.

Grand Total: 56 creatures vanquished

Notes
Turn   | Place    | Note
-------+----------+-------------------------------------------
     0 | D:1      | kae the Djinni Transmuter began the quest for the Orb.
     0 | D:1      | Reached XP level 1. HP: 17/17 MP: 0/0
   705 | D:1      | Reached XP level 2. HP: 15/22 MP: 0/0
   850 | D:1      | Found Olizem's Book Shoppe.
  1154 | D:1      | Found a faded altar of an unknown god.
  1999 | D:2      | Reached XP level 3. HP: 18/27 MP: 0/0
  1999 | D:2      | Learned a level 1 spell: Pain
  3143 | D:3      | Noticed Grinder
  3155 | D:3      | Killed Grinder
  3156 | D:3      | Reached skill level 5 in Unarmed Combat
  3156 | D:3      | Reached XP level 4. HP: 13/34 MP: 0/0
  3156 | D:3      | Reached XP level 5. HP: 16/40 MP: 0/0
  3156 | D:3      | Learned a level 2 spell: Call Imp
  3156 | D:3      | Reached XP level 6. HP: 18/45 MP: 0/0
  4113 | D:4      | Slain by a goblin

Illustrated notes

Levels and vault maps discovered:
D:1:      minmay_arrival_pointy, layout_rooms, basic_ecumenical_altar,
          serial_shops, shop, serial_co_window_serial, co_window_cross_1,
          co_window_paths_a, co_window_paths_a, co_window_paths_b,
          co_window_paths_a, co_window_broadway_a, co_window_cross_4,
          co_window_2corner, co_window_broadway_c, co_window_4corner_a,
          glass_columns_a, glass_columns_c, glass_columns_c
D:2:      layout_rooms
D:3:      layout_basic, uniq_grinder
D:4:      layout_basic, cheibrodos_sewer_entry_bend

Skill      XL: |  1  2  3  4  5  6 |
---------------+-------------------+-----
Spellcasting   | 2 3 |  3.2
Fighting       | 2 3 |  3.3
Unarmed Combat | 5 |  5.5
Dodging        | |  2.1

Action                   |  1- 3 |  4- 6 || total
-------------------------+-------+-------++-------
Melee: Unarmed           |   142 |    59 ||   201
       Headbutt          |    12 |       ||    12
       Punch             |     1 |       ||     1
 Cast: Beastly Appendage |    26 |     6 ||    32
       Spider Form       |     1 |     4 ||     5
       Call Imp          |       |     1 ||     1
       Wereblood         |       |     1 ||     1
  Use: Scroll            |       |     8 ||     8
       Potion            |       |     3 ||     3
Armor: Robe              |    32 |     8 ||    40
       Skin              |       |     3 ||     3
Dodge: Dodged            |    94 |    42 ||   136

Table legend: (Time is in decaauts)
 A = Elapsed time spent in this place.
 B = Non-inter-level travel time spent in this place.
 C = Inter-level travel time spent in this place.
 D = Time resting spent in this place.
 E = Time spent auto-exploring this place.
 F = Levels seen in this place.
 G = Mean time per level.
                   A        B        C        D        E       F      G
               +--------+--------+--------+--------+--------+-----+--------+
         Total |   4100 |   4029 |     71 |    189 |   3378 |   4 | 1025.0 |
       Dungeon |   4100 |   4029 |     71 |    189 |   3378 |   4 | 1025.0 |
               +--------+--------+--------+--------+--------+-----+--------+

Top non-repeatable levels by time:
     D:1: 1736 daAuts
     D:3: 1107 daAuts
     D:2: 918 daAuts
     D:4: 337 daAuts
